 Dungeon Sprint DCSS version 0.30-a0-800-g7c544603b3 (webtiles) character file.

Game seed: 9682679167556265121

519 BigDaddyOpFi the Demonic Catastrophe (level 7, -7/60 HPs)
             Began as a Demonspawn Fighter on Feb 22, 2023.
             Was an Elder of Qazlal.
             Mangled by a demonic crawler (9 damage)
             ... in the Dungeon (Sprint VII: "The Pits").
             The game lasted 00:01:54 (482 turns).

BigDaddyOpFi the Demonic Catastrophe (DsFi)          Turns: 482, Time: 00:01:54

Health: -7/60      AC: 16    Str: 18    XL:     7   Next: 1%
Magic:  2/14       EV:  7    Int:  9    God:    Qazlal [****..]
Gold:   0          SH: 11    Dex: 13    Spells: 6/6 levels left

rFire   . . .      SeeInvis .    a - +0 war axe
rCold   . . .      Faith    .    c - +0 buckler
rNeg    . . .      Spirit   .    m - +3 chain mail
rPois   .          Reflect  .    (no helmet)
rElec   .          Harm     .    (no cloak)
rCorr   .          Rampage  .    (no gloves)
Will    .....      NoTele   +    (no boots) Stlth
                                 (no amulet)
HPRegen 0.30/turn                (no ring)
MPRegen 0.14/turn                (no ring)

@: mighty, protected from physical damage, invisible, repel missiles
A: hooves 2, foul stench 1
a: Renounce Religion, Upheaval, Elemental Force


You were in the Dungeon.
You worshipped Qazlal.
Qazlal was greatly pleased with you.
You visited 1 branch

Inventory:

Hand Weapons
 a - a +0 war axe (weapon)
Armour
 c - a +0 buckler (worn)
 m - a +3 chain mail (worn)
Potions
 e - 4 potions of curing
 g - a potion of haste
 h - 4 potions of magic
 i - 3 potions of berserk rage
 k - a potion of invisibility


   Skills:
 + Level 7.2 Fighting
 + Level 6.1 Axes
 + Level 6.4 Armour
 + Level 6.5 Shields
 * Level 9.8 Invocations


You had 6 spell levels left.
You didn't know any spells.
Your spell library was empty.

Dungeon Overview and Level Annotations

Branches:
Dungeon (1/1)

Altars:
Ashenzari
Cheibriados
Dithmenos
Fedhas
Gozag
Hepliaklqana
Kikubaaqudgha
Makhleb
Nemelex Xobeh
Okawaru
Qazlal
Ru
Sif Muna
Trog
Uskayaw
Vehumet
Wu Jian
Xom
Yredelemnul
Jiyva
Lugonu


Innate Abilities, Weirdness & Mutations

You have hoof-like feet.
You may rarely emit foul miasma when damaged in melee.


Message History

You block the demonic crawler's attack. x2
The demonic crawler barely misses you. You block the demonic crawler's attack.
You slash the demonic crawler!
The demonic crawler is lightly wounded.
You block the demonic crawler's attack.
The demonic crawler barely misses you. x2
You slash the demonic crawler! You kick the demonic crawler.
The demonic crawler is moderately wounded.
The demonic crawler hits you.
* * * LOW HITPOINT WARNING * * *
The demonic crawler hits you but does no damage. x2
You block the demonic crawler's attack. x2
The demonic crawler closely misses you.
You feel better.
The demonic crawler hits you but does no damage.
The demonic crawler hits you. The demonic crawler hits you!
* * * LOW HITPOINT WARNING * * *
You hit the demonic crawler.
The demonic crawler is lightly wounded.
The demonic crawler hits you.
* * * LOW HITPOINT WARNING * * *
The demonic crawler barely misses you. The demonic crawler hits you.
* * * LOW HITPOINT WARNING * * *
The demonic crawler hits you but does no damage. x2
The demonic crawler hits you.
* * * LOW HITPOINT WARNING * * *
You feel better.
The demonic crawler hits you but does no damage. x3
You closely miss the demonic crawler. You kick the demonic crawler!
The demonic crawler is lightly wounded.
The demonic crawler hits you!
* * * LOW HITPOINT WARNING * * *
You block the demonic crawler's attack. The demonic crawler closely misses you.
The demonic crawler barely misses you.
The demonic crawler hits you but does no damage.
The demonic crawler hits you.
* * * LOW HITPOINT WARNING * * *
You aren't carrying any scrolls.
You fade into invisibility!
You block the demonic crawler's attack. x2; The demonic crawler hits you!
You die...

#.#........##......
#)###########......
#.......# #######
#.......# #.÷÷#...#
#..###..#+#
#...#...#.+
#°......#'#
#.@s§...†.#
###########


You could see a demonic crawler.

Vanquished Creatures
  A floating eye (D)
  A necrophage (D)
  A scorpion (D)
  5 wights (D)
  An iguana (D)
  An orc (D)
  A bat skeleton (D)
  2 giant cockroaches (D)
  A goblin (D)
  2 hobgoblins (D)
  A quokka (D)
  2 ball pythons (D)
  A kobold (D)
  A rat (D)
21 creatures vanquished.

Notes
Turn   | Place    | Note
-------+----------+-------------------------------------------
     0 | D        | BigDaddyOpFi the Demonspawn Fighter began the quest for the
                  | Orb.
     0 | D        | Reached XP level 1. HP: 18/18 MP: 1/1
     8 | D        | Noticed a scorpion
    14 | D        | Killed a scorpion
    15 | D        | Gained mutation: You have large cloven feet. [demonic
                  | ancestry]
    15 | D        | Reached XP level 2. HP: 20/26 MP: 2/2
    15 | D        | Reached XP level 3. HP: 24/31 MP: 3/3
    19 | D        | Found a bloodstained altar of Trog.
    19 | D        | Found a shimmering blue altar of Sif Muna.
    19 | D        | Found a viscous altar of Jiyva.
    19 | D        | Found a hazy altar of Hepliaklqana.
    19 | D        | Found an opulent altar of Gozag.
    20 | D        | Found a basalt altar of Yredelemnul.
    20 | D        | Found a shimmering altar of Xom.
    20 | D        | Found an ornate altar of the Wu Jian Council.
    20 | D        | Found a sacrificial altar of Ru.
    20 | D        | Found a stormy altar of Qazlal.
    20 | D        | Found an iron altar of Okawaru.
    20 | D        | Found a sparkling altar of Nemelex Xobeh.
    20 | D        | Found a burning altar of Makhleb.
    20 | D        | Found a blossoming altar of Fedhas.
    20 | D        | Found a shadowy altar of Dithmenos.
    20 | D        | Found a snail-covered altar of Cheibriados.
    22 | D        | Found a corrupted altar of Lugonu.
    22 | D        | Found a radiant altar of Vehumet.
    23 | D        | Found an ancient bone altar of Kikubaaqudgha.
    23 | D        | Found a hide-covered altar of Uskayaw.
    23 | D        | Found a broken altar of Ashenzari.
    27 | D        | Became a worshipper of Qazlal Stormbringer
    87 | D        | Reached * piety under Qazlal
    91 | D        | Reached skill level 1 in Invocations
    97 | D        | Noticed a floating eye
    98 | D        | Paralysed by a floating eye for 2 turns
   101 | D        | Killed a floating eye
   101 | D        | Reached ** piety under Qazlal
   102 | D        | Reached skill level 5 in Fighting
   102 | D        | Reached skill level 5 in Armour
   102 | D        | Reached skill level 5 in Shields
   102 | D        | Reached skill level 5 in Invocations
   102 | D        | Gained mutation: You may rarely emit foul miasma when
                  | damaged in melee. [demonic ancestry]
   102 | D        | Reached XP level 4. HP: 37/39 MP: 3/8
   102 | D        | Gained mutation: You have hoof-like feet. [demonic
                  | ancestry]
   102 | D        | Reached XP level 5. HP: 43/45 MP: 3/9
   211 | D        | Reached *** piety under Qazlal
   212 | D        | Reached skill level 5 in Axes
   212 | D        | Reached skill level 6 in Invocations
   213 | D        | Reached skill level 7 in Invocations
   213 | D        | Reached XP level 6. HP: 32/52 MP: 9/11
   217 | D        | Reached skill level 8 in Invocations
   229 | D        | HP: 2/52 [wight/+4 flail of freezing (2)]
   233 | D        | Reached **** piety under Qazlal
   234 | D        | Reached skill level 9 in Invocations
   247 | D        | Reached ***** piety under Qazlal
   290 | D        | Reached XP level 7. HP: 39/60 MP: 14/14
   459 | D        | Noticed a demonic crawler
   481 | D        | HP: 2/60 [demonic crawler (11)]
   482 | D        | Mangled by a demonic crawler

Illustrated notes

Levels and vault maps discovered:
D:        pitsprint [storerooms_1, entrance_room_1, metal_vault_1, armoury_3,
          mini_pit_1, grid_room_1, main_hall_1, silver_pit, the_coven_1,
          the_vestibule_1, steel_vault_2, golden_pit, hallway_of_sentries,
          crystal_vault_4, iron_vault_5, final_vault]

Skill      XL: |  1  2  3  4  5  6 |
---------------+-------------------+-----
Fighting       | 4 5 6 7 |  7.2
Axes           | 3 4 5 6 |  6.1
Armour         | 4 5 6 |  6.4
Shields        | 4 5 6 |  6.5
Invocations    | 5 7 9 |  9.8

Action                     |  1- 3 |  4- 6 |  7- 9 || total
---------------------------+-------+-------+-------++-------
  Melee: War axe           |    16 |    45 |    11 ||    72
         Kick              |     1 |    13 |     5 ||    19
 Invoke: Upheaval          |       |       |     2 ||     2
         Disaster Area     |       |       |     1 ||     1
    Use: Potion            |       |     2 |     8 ||    10
         Scroll            |       |       |     1 ||     1
 Armour: Scale mail        |     6 |     2 |       ||     8
         Chain mail        |       |    13 |    19 ||    32
  Dodge: Dodged            |     8 |    11 |    14 ||    33
  Block: Buckler           |     5 |    20 |    22 ||    47

Table legend: (Time is in decaauts)
 A = Elapsed time spent in this place.
 B = Non-inter-level travel time spent in this place.
 C = Inter-level travel time spent in this place.
 D = Time resting spent in this place.
 E = Time spent auto-exploring this place.
 F = Levels seen in this place.
 G = Mean time per level.
                   A        B        C        D        E       F      G
               +--------+--------+--------+--------+--------+-----+--------+
         Total |    502 |    502 |      0 |    216 |     29 |   1 |  502.0 |
       Dungeon |    502 |    502 |      0 |    216 |     29 |   1 |  502.0 |
               +--------+--------+--------+--------+--------+-----+--------+

Top non-repeatable levels by time:
       D: 502 daAuts
